 Dungeon Crawl Stone Soup version 0.28.0-45-g0d030f2227 (webtiles) character file.

Game seed: 13065028848536835575

73124 protoss039 the Warrior (level 15, -5/105 HPs)
             Began as a Gargoyle Earth Elementalist on May 19, 2022.
             Was a High Priest of Vehumet.
             Slain by a bog body (19 damage)
             ... on level 4 of the Lair of Beasts on May 20, 2022.
             The game lasted 01:14:58 (24942 turns).

protoss039 the Warrior (GrEE)                      Turns: 24942, Time: 01:14:59

Health: -5/105     AC: 22    Str:  8    XL:     15   Next: 42%
Magic:  14/39      EV: 11    Int: 28    God:    Vehumet [*****.]
Gold:   944        SH:  0    Dex: 10    Spells: 3/37 levels left

rFire   + + .      SeeInvis +   r - +7 long sword "Caxkeloj" {vamp, rN+ MP+9 Str-5}
rCold   . . .      Faith    .   (no shield)
rNeg    + + .      Spirit   .   C - +2 leather armour {rF+}
rPois   ∞          Reflect  .   j - +0 helmet
rElec   +          Harm     .   Y - +1 cloak of Happy Babbling {Stlth+}
rCorr   .          Rampage  .   b - +0 pair of gloves "Ezxeozan" {rF+}
Will    +....                   (no boots)
Stlth   +++.......              P - amulet of magic regeneration
HPRegen 0.27/turn               p - +6 ring of intelligence
MPRegen 0.66/turn               U - ring of see invisible

@: marked, flying, very slightly contaminated
A: sickness immunity, AC +11, big wings, negative energy resistance 1,
electricity resistance, torment resistance 1, petrification resistance
a: Renounce Religion


You were on level 4 of the Lair of Beasts.
You worshipped Vehumet.
Vehumet was extremely pleased with you.
You visited 3 branches of the dungeon, and saw 22 of its levels.
You also visited: Sewer, Bailey and Gauntlet.

You collected 3625 gold pieces.
You spent 2681 gold pieces at shops.

Inventory:

Hand Weapons
 a - a +4 short sword of venom
 r - the +7 long sword "Caxkeloj" (weapon) {vamp, rN+ MP+9 Str-5}
   (You took it off a centaur on level 14 of the Dungeon)

   It occasionally heals its wielder for a portion of the damage dealt when it
   wounds a living foe.
   Str:       It affects your strength (-5).
   rN:        It protects you from negative energy.
   MP:        It affects your magic capacity (+9).
 X - the +3 war axe of the Thing {vorpal, rF+}
   (You found it on level 2 of the Lair of Beasts)

   It inflicts extra damage upon your enemies.
   rF:        It protects you from fire.
Missiles
 c - 505 stones
 L - a throwing net
 Z - 4 silver javelins
Armour
 b - the +0 pair of gloves "Ezxeozan" (worn) {rF+}
   (You acquired it in a Gauntlet)

   rF:        It protects you from fire.
 j - a +0 helmet (worn)
 C - a +2 leather armour of fire resistance (worn)
 Y - the +1 cloak of Happy Babbling (worn) {Stlth+}
   (You found it in a Gauntlet)

   Stlth:     It makes you more stealthy.
Jewellery
 f - a ring of protection from fire
 l - a +6 ring of strength
 n - a ring of wizardry
 p - a +6 ring of intelligence (left hand)
 B - the ring "Ovvezuwn" {rC+ Will+ Slay+3}
   (You bought it in a shop on level 15 of the Dungeon)

   [ring of willpower]

   Slay:      It affects your accuracy & damage with ranged weapons and melee
   (+3).
   rC:        It protects you from cold.
   Will:      It increases your willpower.
 F - the ring "Vavasm" {Fire rElec Int+2 Slay-6}
   (You found it on level 1 of the Lair of Beasts)

   [ring of fire]

   It enhances your fire magic.
   Int:       It affects your intelligence (+2).
   Slay:      It affects your accuracy & damage with ranged weapons and melee
   (-6).
   rF:        It protects you from fire.
   rC:        It makes you vulnerable to cold.
   rElec:     It insulates you from electricity.
 J - an amulet of reflection
 P - an amulet of magic regeneration (around neck)
 U - a ring of see invisible (right hand)
Wands
 m - a wand of acid (12)
 E - a wand of digging (24)
 T - a wand of mindburst (7)
 V - a wand of iceblast (20)
Scrolls
 d - 2 scrolls of enchant weapon
 e - a scroll of identify
 g - 2 scrolls of summoning
 h - 3 scrolls of magic mapping
 i - 8 scrolls of teleportation
 k - 3 scrolls of holy word
 q - 4 scrolls of brand weapon
 v - 4 scrolls of fog
 x - a scroll of fear
 y - 3 scrolls of blinking
 z - 2 scrolls of immolation
 H - 2 scrolls of amnesia
 M - 3 scrolls of enchant armour
 R - 2 scrolls of torment
Potions
 o - 9 potions of heal wounds
 s - 2 potions of cancellation
 t - 3 potions of invisibility
 u - 13 potions of curing
 w - 3 potions of might
 A - 3 potions of ambrosia
 D - 4 potions of brilliance
 I - 3 potions of haste
 K - 3 potions of mutation
 N - 8 potions of lignification
 O - 2 potions of resistance
 W - 2 potions of flight
Miscellaneous
 S - a lightning rod (4/4)


   Skills:
 * Level 16.5 Fighting
 - Level 9.0 Armour
 - Level 1.5 Dodging
 - Level 2.1 Stealth
 * Level 11.8 Spellcasting
 - Level 12.0 Conjurations
 - Level 3.0 Necromancy
 - Level 1.0 Transmutations
 + Level 14.9 Earth Magic


You had 3 spell levels left.
You knew the following spells:

 Your Spells              Type           Power      Damage    Failure   Level
a - Sandblast             Erth           100%       2d20      0%          1
b - Passwall              Tmut/Erth      47%        N/A       1%          2
c - Stone Arrow           Conj/Erth      100%       3d13      1%          3
d - Irradiate             Conj/Tmut      26%        3d22      2%          5
e - Lee's Rapid Deconstr  Erth           39%        3d20*     1%          5
f - Olgreb's Toxic Radia  Pois           16%        N/A       12%         4
g - Mephitic Cloud        Conj/Pois/Air  38%        N/A       1%          3
i - Borgnjor's Vile Clut  Necr/Erth      30%        N/A       3%          5
j - Iron Shot             Conj/Erth      37%        9d7       1%          6

Your spell library contained the following spells:

 Spells                   Type           Power      Damage    Failure   Level
 Animate Skeleton         Necr           66%        N/A       1%          1
 Magic Dart               Conj           100%       1d8       1%          1
 Dazzling Flash           Conj/Hex       100%       N/A       1%          3
 Frozen Ramparts          Ice            32%        1d5       3%          3
 Inner Flame              Hex/Fire       16%        N/A       3%          3
 Apportation              Tloc           32%        N/A       4%          1
 Summon Small Mammal      Summ           64%        N/A       4%          1
 Blink                    Tloc           32%        N/A       7%          2
 Call Imp                 Summ           16%        N/A       7%          2
 Call Canine Familiar     Summ           16%        N/A       13%         3
 Lesser Beckoning         Tloc           16%        N/A       13%         3
 Ozocubu's Armour         Ice            16%        N/A       13%         3
 Portal Projectile        Hex/Tloc       32%        N/A       13%         3
 Summon Guardian Golem    Hex/Summ       16%        N/A       13%         3
 Hailstorm                Conj/Ice       50%        3d11      1%          4
 Leda's Liquefaction      Hex/Erth       27%        N/A       1%          4
 Petrify                  Tmut/Erth      57%        N/A       1%          4
 Iskenderun's Battlesphe  Conj           70%        2d12      1%          5
 Conjure Ball Lightning   Conj/Air       25%        3x3d7     16%         6
 Ice Form                 Ice/Tmut       19%        N/A       34%         4
 Agony                    Necr           33%        N/A       34%         5
 Cause Fear               Hex            8%         N/A       41%         4
 Summon Ice Beast         Ice/Summ       16%        N/A       41%         4
 Spellforged Servitor     Conj/Summ      25%        N/A       58%         7
 Alistair's Intoxication  Tmut/Pois      12%        N/A       69%         5
 Manifold Assault         Tloc           16%        N/A       77%         5
 Silence                  Hex/Air        8%         N/A       77%         5
 Eringya's Noxious Bog    Tmut/Pois      9%         N/A       77%         6
 Simulacrum               Ice/Necr       12%        N/A       98%         6
 Ozocubu's Refrigeration  Ice            8%         4d6       100%        7
 Discord                  Hex            8%         N/A       100%        8
 Disjunction              Tloc           8%         N/A       100%        8
 Statue Form              Tmut/Erth      Unusable   N/A       N/A         6

Dungeon Overview and Level Annotations

Branches:
Dungeon (15/15)            Temple (1/1) D:7            Lair (6/6) D:11
 Spider (0/4) Lair:2          Orc (0/2) D:11         Vaults (0/5) D:14
 Depths (0/4) D:15          Sewer (visited)          Bailey (visited)
Gauntlet (visited)
  Swamp: Lair:2-4    Shoals: Lair:2-4     Slime: Lair:5-6

Altars:
Ashenzari
Cheibriados
Dithmenos
Elyvilon
Fedhas
Gozag
Hepliaklqana
Kikubaaqudgha
Makhleb
Nemelex Xobeh
Okawaru
Qazlal
Ru
Sif Muna
Trog
Uskayaw
Vehumet
Wu Jian
Xom
Yredelemnul
Zin
The Shining One
Beogh
Jiyva

Shops:
D:2 ?   D:4 !   D:7 *   D:12 **   D:15 =

Portals:
Trove: D:10 (give 17 potions of curing)

Annotations:
D:6 3 runed translucent doors, diceflayer's ghost, novice MiFi
D:13 36 runed doors, exclusion: 36 doors
D:15 2 runed translucent doors, SHADDY's ghost, adept SpEn


Innate Abilities, Weirdness & Mutations

You are immune to sickness and miasma.
Your stone body is resilient. (AC +11)
You are immune to poison.
Your large and strong wings let you fly.
You resist negative energy. (rN+)
You are resistant to electric shocks. (rElec)
You are resistant to unholy torment.
You are immune to petrification.


Message History

You feel your power returning.
The swamp worm fires a harpoon shot at you.
The harpoon shot hits you but does no damage.
A water moccasin comes into view.
Unknown command.
Okay, then.
Unknown command.
The swamp worm fires a harpoon shot at you.
The harpoon shot hits you!
* * * LOW HITPOINT WARNING * * *
You stop descending the stairs.
You are yanked forward by the harpoon shot.
A bog body, a black mamba and a yak come into view.
A polar bear comes into view.
A yak comes into view.
Okay, then.
You feel much better. The swamp worm bites you!
* * * LOW HITPOINT WARNING * * *
A yak comes into view.
Unknown command.
Unknown command.
As you read the scroll of fear, it crumbles to dust.
You assume a fearsome visage.
The bog body is unaffected.
The swamp worm looks frightened!
The polar bear looks frightened!
The yak looks frightened! x4; The polar bear looks frightened!
The water moccasin looks frightened!
A water moccasin comes into view.
Unknown command.
Unknown command.
Unknown command.
Unknown command.
The polar bear looks more healthy.
You see here a bog body corpse.
Unknown command.
There is a stone staircase leading down here.
Unknown command.
Unknown command.
The bog body touches you.
* * * LOW HITPOINT WARNING * * *
The bog body freezes you!!
You die...

##. .. ♣ #..♣ ..w♣
.....###### ..♣ .♣≈
#...#...#.###.♣♣..♣ .#
##..............♣..♣..Y.
#...............♣..♣.Y.Y
##...............⌠⌠....h
#................S....#.
#..........†@n.S....##
#.........††........##
##.............†.....(#
#....................#..
##....................>.
#......................
##.....................
#................h....#
##.....................


You could see a polar bear (fleeing), a bog body, a black mamba and a water
moccasin.

Vanquished Creatures
  An ironbound preserver (D:14)
  Nessos (D:14)
  A minotaur (Gauntlet)
  Snorg (Lair:3)
  A fire dragon (D:14)
  A great orb of eyes (D:15)
  A boulder beetle (shapeshifter) (D:14)
  4 boulder beetles
  3 rakshasas
  2 hydras (Lair:6)
  6 centaur warriors
  An anaconda (shapeshifter) (D:9)
  A catoblepas (Gauntlet)
  6 death yaks (Lair:6)
  7 two-headed ogres
  3 tengu warriors
  The ghost of Glaciallarry the Destroyer, a novice DEFE of Vehumet (D:9)
  A skeletal warrior (D:14)
  A bog body (Lair:4)
  A wolf spider (D:14)
  2 orc knights (D:15)
  3 manticores
  4 cyclopes
  23 ugly things
  4 gargoyles
  A molten gargoyle (Gauntlet)
  3 cane toads
  A black mamba (Lair:6)
  2 minotaur zombies (Gauntlet)
  A kobold demonologist (D:13)
  2 unseen horrors (D:12)
  8 rime drakes (Lair:2)
  A freezing wraith (D:15)
  7 komodo dragons
  4 tengu conjurers
  A polar bear (Lair:4)
  A queen bee (Gauntlet)
  6 trolls
  A hornet (D:8)
  Grinder (D:4)
  A blink frog (Lair:3)
  6 dream sheep (Lair:3)
  14 slime creatures
  5 spriggans (Bailey)
  2 shadows (D:11)
  A centaur simulacrum (D:14)
  A vampire (D:12)
  40 yaks
  3 wraiths
  3 basilisks
  4 wyverns
  5 steam dragons (Lair:2)
  A redback (Lair:2)
  2 wargs (D:15)
  8 vampire mosquitoes
  A swamp worm (shapeshifter) (D:15)
  A swamp worm (Lair:4)
  3 acid dragons
  10 water moccasins
  8 orc warriors
  2 ice beasts
  3 sky beasts
  15 centaurs
  A necrophage (D:5)
  7 ogres
  18 wolves
  A kobold brigand (D:6)
  4 bullfrogs
  A gnoll sergeant (D:8)
  2 scorpions
  2 water moccasin skeletons (D:5)
  8 killer bees
  An electric eel (Lair:3)
  4 wights (D:9)
  A howler monkey (D:10)
  3 centaur zombies
  2 hounds
  7 orc priests
  2 jellies
  Crazy Yiuf (D:4)
  2 gnoll shamans
  A bullfrog skeleton (D:7)
  A centaur skeleton (D:5)
  A hell rat (Sewer)
  2 iguanas
  6 orc wizards
  A killer bee zombie (D:7)
  16 gnolls
  6 adders
  A howler monkey skeleton (D:6)
  2 river rats (Sewer)
  A shadow imp (D:6)
  A white imp (D:5)
  An ufetubus (D:4)
  3 worms
  7 dart slugs
  20 orcs
  8 bats
  8 endoplasms
  5 giant cockroaches
  13 goblins
  9 hobgoblins
  4 jackals (D:1)
  9 quokkas
  A ball python (D:2)
  6 frilled lizards
  4 kobolds
  17 rats
480 creatures vanquished.

Vanquished Creatures (others)
  A demonic plant (Gauntlet)
  16 fungi
  39 plants
56 creatures vanquished.

Grand Total: 536 creatures vanquished

Notes
Turn   | Place    | Note
-------+----------+-------------------------------------------
     0 | D:1      | protoss039 the Gargoyle Earth Elementalist began the quest
                  | for the Orb.
     0 | D:1      | Reached XP level 1. HP: 10/10 MP: 3/3
    67 | D:1      | Reached skill level 1 in Transmutations
    72 | D:1      | Reached skill level 1 in Fighting
    72 | D:1      | Reached XP level 2. HP: 16/16 MP: 0/5
   342 | D:1      | Reached XP level 3. HP: 7/21 MP: 3/6
   541 | D:1      | Reached skill level 2 in Fighting
   548 | D:1      | Learned a level 2 spell: Passwall
   552 | D:1      | Learned a level 3 spell: Stone Arrow
  1297 | D:2      | Reached XP level 4. HP: 21/27 MP: 7/7
  1478 | D:2      | Found Quxapt's Magic Scroll Shop.
  1484 | D:2      | Bought a scroll of identify for 20 gold pieces
  1561 | D:2      | Found a shimmering blue altar of Sif Muna.
  1732 | D:2      | Noticed an ogre
  1737 | D:2      | Killed an ogre
  1738 | D:2      | Reached skill level 3 in Fighting
  1738 | D:2      | Reached skill level 1 in Conjurations
  1738 | D:2      | Reached XP level 5. HP: 32/32 MP: 1/9
  1849 | D:2      | Found a faded altar of an unknown god.
  2442 | D:2      | Bought a scroll of teleportation for 30 gold pieces
  2573 | D:3      | Found a glowing drain.
  2594 | D:3      | Reached XP level 6. HP: 33/38 MP: 8/10
  2617 | Sewer    | Entered a sewer
  2747 | Sewer    | Reached skill level 4 in Fighting
  3517 | D:4      | Noticed Grinder
  3621 | D:4      | Found Coevvuy's Distillery.
  3708 | D:4      | Found a basalt altar of Yredelemnul.
  3743 | D:4      | Reached skill level 5 in Earth Magic
  3864 | D:4      | Found a hide-covered altar of Uskayaw.
  3874 | D:4      | Reached XP level 7. HP: 44/44 MP: 12/12
  4079 | D:4      | Killed Grinder
  4080 | D:4      | Reached skill level 5 in Fighting
  4197 | D:4      | Found a runed translucent door.
  4198 | D:4      | Noticed Crazy Yiuf
  4204 | D:4      | Killed Crazy Yiuf
  4272 | D:5      | Entered Level 5 of the Dungeon
  4388 | D:5      | Found a glowing silver altar of Zin.
  4415 | D:5      | Reached XP level 8. HP: 51/51 MP: 0/14
  4518 | D:5      | Reached skill level 6 in Fighting
  5074 | D:5      | Found a white marble altar of Elyvilon.
  5383 | D:6      | Reached skill level 5 in Spellcasting
  5383 | D:6      | Reached skill level 5 in Conjurations
  5513 | D:6      | Found a stormy altar of Qazlal.
  5515 | D:6      | Noticed an air elemental
  5516 | D:6      | Noticed a water elemental
  5578 | D:6      | Reached skill level 1 in Armour
  5578 | D:6      | Reached XP level 9. HP: 56/56 MP: 9/17
  6019 | D:6      | Found a runed translucent gate.
  6020 | D:6      | Found a runed translucent gate.
  6020 | D:6      | Found a runed translucent gate.
  6020 | D:6      | Found an opulent altar of Gozag.
  6022 | D:6      | Noticed a kobold demonologist
  6022 | D:6      | Noticed diceflayer's ghost (novice MiFi)
  6022 | D:6      | Noticed a cyclops
  6218 | D:7      | Found Duegon's Assorted Antiques.
  6224 | D:7      | Learned a level 4 spell: Petrify
  6230 | D:7      | Learned a level 5 spell: Lee's Rapid Deconstruction
  6232 | D:7      | Found a staircase to the Ecumenical Temple.
  6252 | Temple   | Entered the Ecumenical Temple
  6425 | Temple   | Became a worshipper of Vehumet
  6454 | D:7      | Found an ornate altar of the Wu Jian Council.
  6566 | D:7      | Found a sacrificial altar of Ru.
  6606 | D:7      | Found a flagged portal.
  6612 | D:7      | Reached skill level 7 in Fighting
  6630 | Bailey   | Entered a bailey
  6997 | Bailey   | Noticed a two-headed ogre
  7002 | Bailey   | Killed a two-headed ogre
  7003 | Bailey   | Reached skill level 8 in Fighting
  7003 | Bailey   | Reached XP level 10. HP: 32/65 MP: 15/19
  7306 | D:7      | Bought a scroll of identify for 54 gold pieces
  7306 | D:7      | Bought a bubbling pink potion for 24 gold pieces
  7307 | D:7      | Identified a scroll of acquirement
  7308 | D:7      | Acquired 766 gold pieces
  7745 | D:8      | Reached skill level 9 in Fighting
  7852 | D:8      | Reached skill level 10 in Earth Magic
  8092 | D:8      | Found a burning altar of Makhleb.
  8327 | D:8      | Reached * piety under Vehumet
  8327 | D:8      | Offered knowledge of Shock by Vehumet.
  8925 | D:8      | Learned a level 5 spell: Borgnjor's Vile Clutch
  8928 | D:9      | Found a runed translucent gate.
  8933 | D:9      | Found a runed translucent gate.
  8934 | D:9      | Found a runed translucent gate.
  8935 | D:9      | Noticed Glaciallarry's ghost (novice DEFE)
  8942 | D:9      | Found a viscous altar of Jiyva.
  8969 | D:9      | Noticed a two-headed ogre
  8972 | D:9      | Killed a two-headed ogre
  9058 | D:9      | Found a blossoming altar of Fedhas.
  9314 | D:9      | Noticed a two-headed ogre
  9318 | D:9      | Killed a two-headed ogre
  9319 | D:9      | Reached skill level 10 in Fighting
  9319 | D:9      | Reached skill level 1 in Necromancy
  9319 | D:9      | Reached XP level 11. HP: 72/72 MP: 15/21
  9425 | D:9      | Noticed an anaconda
  9431 | D:9      | Killed an anaconda
 10240 | D:9      | Killed Glaciallarry's ghost
 10241 | D:9      | Reached skill level 5 in Armour
 10367 | D:10     | Entered Level 10 of the Dungeon
 10373 | D:9      | Offered knowledge of Searing Ray by Vehumet.
 10380 | D:9      | Reached ** piety under Vehumet
 10645 | D:10     | Found an ancient bone altar of Kikubaaqudgha.
 10800 | D:10     | Reached skill level 11 in Fighting
 10948 | D:10     | Found a portal to a secret trove of treasure.
 11085 | D:10     | Noticed a two-headed ogre
 11087 | D:10     | Killed a two-headed ogre
 11212 | D:10     | Found a shimmering altar of Xom.
 11762 | D:11     | Found a staircase to the Orcish Mines.
 11773 | D:11     | Offered knowledge of Mephitic Cloud by Vehumet.
 11825 | D:11     | Reached XP level 12. HP: 37/81 MP: 24/24
 11830 | D:11     | Learned a level 3 spell: Mephitic Cloud
 12079 | D:11     | Noticed a two-headed ogre
 12085 | D:11     | Killed a two-headed ogre
 12086 | D:11     | Reached skill level 12 in Fighting
 12256 | D:11     | Reached *** piety under Vehumet
 12923 | D:11     | Found a staircase to the Lair.
 12988 | D:11     | Noticed a two-headed ogre
 12992 | D:11     | Killed a two-headed ogre
 13242 | D:12     | Offered knowledge of Olgreb's Toxic Radiance by Vehumet.
 13248 | D:12     | Learned a level 4 spell: Olgreb's Toxic Radiance
 13661 | D:12     | Noticed a two-headed ogre
 13668 | D:12     | Killed a two-headed ogre
 13669 | D:12     | Noticed a boulder beetle
 13686 | D:12     | Killed a boulder beetle
 13900 | D:12     | Reached skill level 13 in Fighting
 14048 | D:12     | Noticed a centaur warrior
 14055 | D:12     | Killed a centaur warrior
 14183 | D:12     | Found Adekkat's General Store.
 14191 | D:12     | Bought a potion of heal wounds for 70 gold pieces
 14191 | D:12     | Bought a potion of might for 56 gold pieces
 14191 | D:12     | Bought a wand of iceblast (2) for 84 gold pieces
 14191 | D:12     | Bought a wand of acid (6) for 280 gold pieces
 14308 | D:4      | Bought a potion of lignification for 36 gold pieces
 14308 | D:4      | Bought a potion of flight for 36 gold pieces
 14308 | D:4      | Bought a potion of ambrosia for 96 gold pieces
 14308 | D:4      | Bought a potion of cancellation for 96 gold pieces
 14308 | D:4      | Bought a potion of heal wounds for 60 gold pieces
 14308 | D:4      | Bought a potion of might for 48 gold pieces
 14411 | D:2      | Bought a scroll of acquirement for 520 gold pieces
 14411 | D:2      | Bought a scroll of enchant armour for 75 gold pieces
 14412 | D:2      | Acquired 1025 gold pieces
 14623 | D:12     | Noticed a boulder beetle
 14632 | D:12     | Reached XP level 13. HP: 69/88 MP: 7/25
 14943 | D:12     | Found Kagucsa's Gadget Gallery.
 14952 | D:12     | Bought a wand of digging (7) for 374 gold pieces
 15158 | D:13     | Identified the +7 long sword "Caxkeloj" {vamp, rN+ MP+9
                  | Str-5}
 15663 | D:13     | Reached **** piety under Vehumet
 15837 | D:13     | Found a huge runed gate.
 15837 | D:13     | Found a huge runed gate.
 15837 | D:13     | Found a huge runed gate.
 15837 | D:13     | Found a huge runed gate.
 15837 | D:13     | Found a huge runed gate.
 15838 | D:13     | Found a huge runed gate.
 15839 | D:13     | Found a huge runed gate.
 15840 | D:13     | Found a huge runed gate.
 15840 | D:13     | Found a huge runed gate.
 15841 | D:13     | Found a huge runed gate.
 15851 | D:13     | Found a huge runed gate.
 15851 | D:13     | Found a huge runed gate.
 15851 | D:13     | Found a huge runed gate.
 15851 | D:13     | Found a huge runed gate.
 15851 | D:13     | Found a huge runed gate.
 15851 | D:13     | Found a huge runed gate.
 15852 | D:13     | Found a huge runed gate.
 15861 | D:13     | Noticed a rakshasa
 15867 | D:13     | Killed a rakshasa
 16214 | D:13     | Found a huge runed gate.
 16215 | D:13     | Found a huge runed gate.
 16302 | D:13     | Found a huge runed gate.
 16302 | D:13     | Found a huge runed gate.
 16302 | D:13     | Found a huge runed gate.
 16303 | D:13     | Found a huge runed gate.
 16303 | D:13     | Found a huge runed gate.
 16303 | D:13     | Found a huge runed gate.
 16304 | D:13     | Found a huge runed gate.
 16305 | D:13     | Found a huge runed gate.
 16306 | D:13     | Found a huge runed gate.
 16310 | D:13     | Found a huge runed gate.
 16310 | D:13     | Found a huge runed gate.
 16310 | D:13     | Found a huge runed gate.
 16310 | D:13     | Found a huge runed gate.
 16310 | D:13     | Found a huge runed gate.
 16310 | D:13     | Found a huge runed gate.
 16311 | D:13     | Found a huge runed gate.
 16312 | D:13     | Found a huge runed gate.
 16407 | D:13     | Offered knowledge of Flame Wave by Vehumet.
 16828 | D:14     | Noticed Nessos
 16937 | D:14     | Found a gate leading to a gauntlet.
 16957 | Gauntlet | Entered a Gauntlet
 16957 | Gauntlet | Found a transporter.
 16957 | Gauntlet | Found a transporter.
 16993 | Gauntlet | Found a transporter.
 17005 | Gauntlet | Found a transporter.
 17019 | Gauntlet | Found a transporter.
 17022 | Gauntlet | Found a transporter.
 17022 | Gauntlet | Found a transporter.
 17024 | Gauntlet | Found a transporter.
 17024 | Gauntlet | Found a transporter.
 17029 | Gauntlet | Found a runed translucent door.
 17036 | Gauntlet | Found a transporter.
 17052 | Gauntlet | Found a transporter.
 17054 | Gauntlet | Found a runed translucent door.
 17062 | Gauntlet | Found a transporter.
 17079 | Gauntlet | Found a transporter.
 17099 | Gauntlet | Found a transporter.
 17456 | Gauntlet | Reached skill level 14 in Fighting
 17471 | Gauntlet | Identified the +1 cloak of Happy Babbling {Stlth+}
 17609 | Gauntlet | Noticed a minotaur
 17623 | Gauntlet | Killed a minotaur
 17624 | Gauntlet | Reached skill level 10 in Conjurations
 18131 | Gauntlet | Acquired a book of Power
 18144 | D:14     | Acquired the +0 pair of gloves "Ezxeozan" {rF+}
 18724 | D:14     | Noticed a broodmother
 18828 | D:14     | Noticed a rakshasa
 18830 | D:14     | Noticed a fire dragon
 18835 | D:14     | Gained mutation: Your large and strong wings let you fly.
                  | [Gargoyle growth]
 18835 | D:14     | Reached XP level 14. HP: 76/96 MP: 26/27
 19320 | D:14     | Killed Nessos
 19507 | D:14     | Found a gate to the Vaults.
 19523 | D:14     | Noticed an ironbound preserver
 19531 | D:14     | Reached ***** piety under Vehumet
 19547 | D:14     | Killed an ironbound preserver
 19548 | D:14     | Reached skill level 10 in Spellcasting
 19834 | D:14     | Learned a level 6 spell: Iron Shot
 19971 | D:14     | Reached skill level 15 in Fighting
 19974 | D:14     | Offered knowledge of Yara's Violent Unravelling by Vehumet.
 20194 | D:15     | Entered Level 15 of the Dungeon
 20511 | D:15     | Found a large runed translucent door.
 20511 | D:15     | Found a large runed translucent door.
 20525 | D:15     | Noticed SHADDY's ghost (adept SpEn)
 20575 | D:15     | Found an opulent altar of Gozag.
 21606 | D:15     | Found a staircase to the Depths.
 21648 | D:15     | Found Gun Vol's Jewellery Emporium.
 21657 | D:15     | Bought the ring "Ovvezuwn" {rC+ Will+ Slay+3} for 722 gold
                  | pieces
 22021 | Lair:1   | Entered Level 1 of the Lair of Beasts
 22481 | Lair:1   | Identified the ring "Vavasm" {Fire rElec Int+2 Slay-6}
 23505 | Lair:2   | Reached XP level 15. HP: 104/104 MP: 30/30
 23730 | Lair:2   | Found a hole to the Spider Nest.
 24032 | Lair:2   | Identified the +3 war axe of the Thing {vorpal, rF+}
 24153 | Lair:3   | Noticed Snorg
 24157 | Lair:3   | Killed Snorg
 24158 | Lair:3   | Reached skill level 16 in Fighting
 24297 | Lair:3   | Offered knowledge of Irradiate by Vehumet.
 24384 | Lair:3   | Learned a level 5 spell: Irradiate
 24419 | Lair:3   | You are sucked into a shaft and drop 3 floors!
 24419 | Lair:6   | Entered Level 6 of the Lair of Beasts
 24942 | Lair:4   | Slain by a bog body

Illustrated notes

Levels and vault maps discovered:
D:1:      grunt_arrival_crossed_arrows, layout_rooms
D:2:      minmay_general_purpose_star, layout_loops_ring,
          shapermc_ecumenical_altar_totnotflames, basic_altar, serial_shops,
          nicolae_diamond_shop, minmay_quadrilaterals
D:3:      layout_rooms, portal_sewer_entry_f
D:4:      layout_cave_pools, nicolae_uskayaw_suspiria, kennysheep_mini,
          nicolae_wooded_promenade, uniq_grinder, uniq_crazy_yiuf_cottage
D:5:      layout_rooms, nicolae_elyvilon_temple_path,
          mainiacjoe_overflow_six_doors_small
D:6:      layout_loops_cross, nicolae_qazlal_style_of_elements,
          ebering_ghost_gozag
D:7:      layout_loops_ring, mainiacjoe_overflow_brackets,
          nicolae_overflow_hidden_temple, minmay_temple_entry_statues_pillars,
          enter_bailey_5, serial_shops, nicolae_shop_waterfront
D:8:      layout_loops_corners, lemuel_coloured_pillars_altar
D:9:      layout_basic, fedhas_altar_3, gammafunk_ghost_ooze
D:10:     layout_roguey, nicolae_overflow_crystal_walls,
          mainiacjoe_overflow_cross_hatched, nicolae_trove_entry_free_sample
D:11:     minmay_the_grid_square_5x5_3x3 [minmay_the_grid_square_5x5_gyroscope,
          minmay_the_grid_square_5x5_sharp_hourglass,
          minmay_the_grid_square_5x5_spiral,
          minmay_the_grid_square_5x5_intrusive_squares,
          minmay_the_grid_square_5x5_megaprize_hollow,
          minmay_the_grid_square_5x5_two_walls_b,
          minmay_the_grid_square_5x5_checkered_sparse,
          minmay_the_grid_square_5x5_bridge,
          minmay_the_grid_square_5x5_inner_i], layout_rooms,
          david_lair_shrubbed, minmay_orc_entry_temple_small
D:12:     layout_long_grid, serial_shops, nicolae_stop_n_shop_1,
          nicolae_shop_gadgets
D:13:     layout_loops_corners, minmay_holes, not_door_vault_due
D:14:     layout_roguey, skrybe_vaults_entry_preservation,
          gauntlet_entry_generic, minmay_fractal_squares_gapless_5, uniq_nessos
D:15:     gammafunk_enter_depths_forms, layout_stronghold,
          ebering_ghost_disaster_area, serial_shops, shop,
          nicolae_gozag_seed_capital
Temple:   jpeg_temple_clearing
Lair:1:   layout_small_grid, st_stairs_11, minmay_stone_trees_medium,
          minivault_19
Lair:2:   layout_loops_ring, spider_nest_entry_rubble, bobbens_dragon_lair_wall
Lair:3:   layout_gridlike, basic_altar, infiniplex_staircase_pool_2,
          grunt_megastairs_5, serial_bayou_shore_a, uniq_snorg
Lair:4:   layout_long_grid, nicolae_swamp_entry_splash_gauntlet,
          lemuel_fruit_tree, lemuel_fruit_fields
Lair:5:   layout_layer_cave, serial_bayou_shore_b
Lair:6:   gammafunk_lair_ancient_temple, layout_cave_pods,
          minmay_slime_entry_oklob_enclosed, chequers_serial_rivers_small_b,
          serial_bayou_shore_b, grunt_megastairs_1

Skill      XL: |  1  2  3  4  5  6  7  8  9 10 11 12 13 14 15 |
---------------+----------------------------------------------+-----
Transmutations | 1 |  1.0
Fighting       | 1 2 3 4 5 6 8 10 11 13 14 15 16 | 16.5
Earth Magic    | 4 5 7 9 11 12 13 14 | 14.9
Conjurations   | 1 2 3 5 6 8 10 11 12 | 12.0
Spellcasting   | 3 4 5 6 7 8 9 11 | 11.8
Armour         | 1 3 4 6 7 8 9 |  9.0
Necromancy     | 1 3 |  3.0
Dodging        | |  1.5
Stealth        | |  2.1

Action                   |  1- 3 |  4- 6 |  7- 9 | 10-12 | 13-15 || total
-------------------------+-------+-------+-------+-------+-------++-------
Melee: Unarmed           |    10 |       |       |       |       ||    10
       Short sword       |    85 |    27 |       |   115 |    69 ||   296
       Punch             |     2 |     2 |       |     1 |     4 ||     9
       Dagger            |       |   164 |    29 |       |       ||   193
       Long sword        |       |       |       |       |   108 ||   108
 Cast: Sandblast         |    21 |    31 |    23 |    15 |    29 ||   119
       Stone Arrow       |       |     1 |    70 |   120 |   107 ||   298
       Passwall          |       |       |     2 |     1 |     2 ||     5
       Lee's Rapid Decon |       |       |       |    55 |    25 ||    80
       Borgnjor's Vile C |       |       |       |     5 |    84 ||    89
       Petrify           |       |       |       |     2 |     1 ||     3
       Mephitic Cloud    |       |       |       |     5 |    47 ||    52
       Olgreb's Toxic Ra |       |       |       |     4 |    44 ||    48
       Iron Shot         |       |       |       |       |    36 ||    36
       Irradiate         |       |       |       |       |     3 ||     3
Evoke: Lightning rod     |       |       |       |       |     1 ||     1
  Use: Scroll            |       |     5 |     3 |     9 |    14 ||    31
       Potion            |       |       |       |     1 |     2 ||     3
 Stab: Sleeping          |     2 |     7 |       |     1 |       ||    10
       Confused          |       |       |       |       |    10 ||    10
Armor: Robe              |    37 |    80 |     9 |    47 |   141 ||   314
       Leather armour    |       |       |       |       |    50 ||    50
Dodge: Dodged            |    53 |   110 |    30 |    77 |   216 ||   486
Block: Other             |       |       |       |    39 |    50 ||    89
       Reflection        |       |       |       |     1 |    11 ||    12
